 Dungeon Crawl Stone Soup version 0.21.0-3-g78d12a8 (webtiles) character file.

199 Ignatius881 the Magician (level 5, -11/37 HPs)
             Began as a Gnoll Wizard on Jan 11, 2018.
             Mangled by Suckerboh's ghost (14 damage)
             ... on level 3 of the Dungeon.
             The game lasted 00:09:28 (3348 turns).

Ignatius881 the Magician (Gnoll Wizard)             Turns: 3348, Time: 00:09:28

Health: -11/37     AC:  2    Str:  9    XL:     5   Next: 77%
Magic:  2/14       EV: 14    Int: 22    God:
Gold:   127        SH:  0    Dex: 13    Spells: 7/18 levels left

rFire    . . .     SeeInvis +   f - -2 club (curse)
rCold    . . .     Gourm    .   (no shield)
rNeg     . . .     Faith    .   a - +0 robe
rPois    .         Spirit   .   b - +0 hat
rElec    .         Reflect  .   (no cloak)
rCorr    .         Harm     .   (no gloves)
MR       .....                  (no boots)
Stlth    +++.......             j - amulet of regeneration
HPRegen  0.52/turn              z - ring of see invisible
MPRegen  0.14/turn              (no ring)

@: very slightly contaminated
A: distributed training, fangs 1, strong nose
a: no special abilities


You were on level 3 of the Dungeon.
You were not hungry.

You visited 1 branch of the dungeon, and saw 3 of its levels.

You collected 127 gold pieces.

Inventory:

Hand Weapons
 f - a cursed -2 club (weapon)
   (You took it off a hobgoblin on level 1 of the Dungeon)
 i - a +3 hand axe of electrocution
   (You found it on level 1 of the Dungeon)
Armour
 a - a +0 robe (worn)
 b - a +0 hat (worn)
Jewellery
 d - an uncursed ring of wizardry
   (You found it on level 1 of the Dungeon)
 j - an amulet of regeneration (around neck)
   (You found it on level 2 of the Dungeon)
 z - a ring of see invisible (left hand)
   (You found it on level 2 of the Dungeon)
Potions
 h - a potion of curing {unknown}
 m - a potion of degeneration {unknown}
 o - a potion of resistance {unknown}
Books
 c - a book of Minor Magic
Comestibles
 e - 5 rations


   Skills:
 + Level 1.6 Fighting
 + Level 1.6 Short Blades
 + Level 1.6 Long Blades
 + Level 1.6 Axes
 + Level 1.6 Maces & Flails
 + Level 1.6 Polearms
 + Level 1.6 Staves
 + Level 1.6 Slings
 + Level 1.6 Bows
 + Level 1.6 Crossbows
 + Level 1.6 Throwing
 + Level 1.6 Armour
 + Level 4.8 Dodging
 + Level 4.4 Stealth
 + Level 1.6 Shields
 + Level 1.6 Unarmed Combat
 + Level 7.3 Spellcasting
 + Level 2.4 Conjurations
 + Level 1.2 Hexes
 + Level 1.2 Charms
 + Level 2.4 Summonings
 + Level 1.2 Necromancy
 + Level 2.4 Translocations
 + Level 1.2 Transmutations
 + Level 1.2 Fire Magic
 + Level 1.2 Ice Magic
 + Level 1.2 Air Magic
 + Level 1.2 Earth Magic
 + Level 1.2 Poison Magic
 + Level 1.8 Invocations
 + Level 1.6 Evocations


You had 7 spell levels left.
You knew the following spells:

 Your Spells              Type           Power        Failure   Level  Hunger
a - Magic Dart            Conj           ###.         3%          1    None
b - Blink                 Tloc           N/A          4%          2    None
c - Call Imp              Summ           ###.....     4%          2    None
d - Conjure Flame         Conj/Fire      ###.....     11%         3    None
e - Mephitic Cloud        Conj/Pois/Air  ###.....     12%         3    None


Dungeon Overview and Level Annotations

Branches:
Dungeon (3/15)

Altars:
Dithmenos
Elyvilon
Kikubaaqudgha
Trog

Annotations:
D:3 Suckerboh's ghost, amateur GrGl


Innate Abilities, Weirdness & Mutations

Your experience applies equally to all skills.
You have very sharp teeth.
Your uncanny sense of smell can sniff out nearby items.


Message History

You start resting.
Suckerboh's ghost (amateur Gargoyle Gladiator) comes into view.
Some deep water.
You enter the shallow water.
Moving in this stuff is going to be slow.
Things that are here:
a spear; a gnoll corpse You butcher the gnoll corpse.
g - 5 chunks of flesh (gained 3)
You see here a spear. x2
Suckerboh's ghost is too close now for your liking.
Aim: Suckerboh's ghost (hasn't noticed you)
The magic dart hits Suckerboh's ghost.
Aim: Suckerboh's ghost The magic dart hits Suckerboh's ghost.
Aim: Suckerboh's ghost (lightly damaged)
The magic dart hits Suckerboh's ghost.
You blink.
Some of the chunks of flesh in your inventory have rotted away.
Suckerboh's ghost hits you. Suckerboh's ghost hits you!
Suckerboh's ghost wails, "You must not fail where I succeeded!"
Aim: Suckerboh's ghost (lightly damaged)
The magic dart hits Suckerboh's ghost.
Suckerboh's ghost closely misses you.
Aim: Suckerboh's ghost (lightly damaged)
The magic dart hits Suckerboh's ghost.
Suckerboh's ghost hits you!
* * * LOW HITPOINT WARNING * * *
Aim: Suckerboh's ghost (moderately damaged)
You miscast Magic Dart.
You are very lightly contaminated with residual magic.
Nothing appears to happen.
Suckerboh's ghost hits you!
* * * LOW HITPOINT WARNING * * *
Aim: Suckerboh's ghost (moderately damaged)
The magic dart hits Suckerboh's ghost.
Suckerboh's ghost barely misses you.
Aim: Suckerboh's ghost (heavily damaged)
The magic dart hits Suckerboh's ghost.
Suckerboh's ghost misses you.
All of the chunks of flesh in your inventory have rotted away.
Aim: Suckerboh's ghost (heavily damaged)
The magic dart hits Suckerboh's ghost.
Suckerboh's ghost hits you.
* * * LOW HITPOINT WARNING * * *
Aim: Suckerboh's ghost (severely damaged)
The magic dart hits Suckerboh's ghost.
Suckerboh's ghost hits you.
* * * LOW HITPOINT WARNING * * *
Aim: Suckerboh's ghost (severely damaged)
The magic dart hits Suckerboh's ghost.
Suckerboh's ghost closely misses you.
Aim: Suckerboh's ghost (heavily damaged)
The magic dart hits Suckerboh's ghost.
Suckerboh's ghost closely misses you.
Aim: Suckerboh's ghost (heavily damaged)
The magic dart hits Suckerboh's ghost.
Suckerboh's ghost hits you!
You die...

#...)........#
#.########.### #.# ### #.#
#.# ♣♣♣ #.######♣♣ ♣♣♣.♣♣♣
#.##.....♣♣ ♣♣.....♣♣
#.#.......♣♣♣.......♣♣♣..
#)...≈≈≈.@W♣...≈≈≈...♣...
#...≈≈≈≈≈.....≈≈≈≈≈.....≈≈
#...≈≈♣≈≈.....≈≈_≈≈.....≈≈
##..≈≈≈≈≈...).≈≈≈≈≈.....≈≈
#...≈≈≈...♣...≈≈≈...♣...≈
##.....).♣♣♣.......♣♣♣...
##.....♣♣ ♣♣.....♣♣ ♣..
#####♣♣ ♣♣♣.♣♣♣ ♣# ♣♣♣


You could see Suckerboh's ghost.

Vanquished Creatures
  An orc wizard (D:2)
  4 gnolls (D:3)
  5 adders (D:2)
  3 oozes
  2 dart slugs
  3 leopard geckos
  2 orcs (D:2)
  6 bats
  A bat zombie (D:2)
  3 giant cockroaches (D:1)
  4 goblins
  6 hobgoblins
  11 jackals
  2 quokkas (D:2)
  A frilled lizard (D:1)
  10 kobolds
  5 rats
  A rat zombie (D:2)
70 creatures vanquished.

Notes
Turn   | Place    | Note
-------+----------+-------------------------------------------
     0 | D:1      | Ignatius881 the Gnoll Wizard began the quest for the Orb.
     0 | D:1      | Reached XP level 1. HP: 13/13 MP: 8/8
   127 | D:1      | Reached XP level 2. HP: 17/20 MP: 1/10
   200 | D:1      | Learned a level 2 spell: Blink
   203 | D:1      | Learned a level 2 spell: Call Imp
   623 | D:1      | Reached XP level 3. HP: 25/25 MP: 8/11
   784 | D:1      | Learned a level 3 spell: Conjure Flame
   788 | D:1      | Learned a level 3 spell: Mephitic Cloud
  1325 | D:2      | Reached skill level 1 in Invocations
  1434 | D:2      | Reached skill level 1 in Fighting
  1434 | D:2      | Reached skill level 1 in Short Blades
  1434 | D:2      | Reached skill level 1 in Long Blades
  1434 | D:2      | Reached skill level 1 in Axes
  1434 | D:2      | Reached skill level 1 in Maces & Flails
  1434 | D:2      | Reached skill level 1 in Polearms
  1434 | D:2      | Reached skill level 1 in Staves
  1434 | D:2      | Reached skill level 1 in Slings
  1434 | D:2      | Reached skill level 1 in Bows
  1434 | D:2      | Reached skill level 1 in Crossbows
  1434 | D:2      | Reached skill level 1 in Throwing
  1434 | D:2      | Reached skill level 1 in Armour
  1434 | D:2      | Reached skill level 1 in Shields
  1434 | D:2      | Reached skill level 1 in Unarmed Combat
  1434 | D:2      | Reached skill level 1 in Evocations
  1534 | D:2      | Reached XP level 4. HP: 32/32 MP: 8/13
  2020 | D:2      | Reached skill level 1 in Hexes
  2020 | D:2      | Reached skill level 1 in Charms
  2020 | D:2      | Reached skill level 1 in Necromancy
  2020 | D:2      | Reached skill level 1 in Transmutations
  2020 | D:2      | Reached skill level 1 in Fire Magic
  2020 | D:2      | Reached skill level 1 in Ice Magic
  2020 | D:2      | Reached skill level 1 in Air Magic
  2020 | D:2      | Reached skill level 1 in Earth Magic
  2020 | D:2      | Reached skill level 1 in Poison Magic
  2020 | D:2      | Reached XP level 5. HP: 13/37 MP: 3/14
  2962 | D:2      | Found an ancient bone altar of Kikubaaqudgha.
  3027 | D:3      | Found a shadowy altar of Dithmenos.
  3035 | D:3      | Found a bloodstained altar of Trog.
  3104 | D:3      | Found a white marble altar of Elyvilon.
  3299 | D:3      | Noticed Suckerboh's ghost (amateur GrGl)
  3345 | D:3      | HP: 1/37 [Suckerboh's ghost (3)]
  3348 | D:3      | Mangled by Suckerboh's ghost

Skill      XL: |  1  2  3  4 |
---------------+-------------+-----
Conjurations   | 2 |  2.4
Summonings     | 2 |  2.4
Translocations | 2 |  2.4
Invocations    | 1 |  1.8
Fighting       | 1 |  1.6
Short Blades   | 1 |  1.6
Long Blades    | 1 |  1.6
Axes           | 1 |  1.6
Maces & Flails | 1 |  1.6
Polearms       | 1 |  1.6
Staves         | 1 |  1.6
Slings         | 1 |  1.6
Bows           | 1 |  1.6
Crossbows      | 1 |  1.6
Throwing       | 1 |  1.6
Armour         | 1 |  1.6
Shields        | 1 |  1.6
Unarmed Combat | 1 |  1.6
Evocations     | 1 |  1.6
Hexes          | 1 |  1.2
Charms         | 1 |  1.2
Necromancy     | 1 |  1.2
Transmutations | 1 |  1.2
Fire Magic     | 1 |  1.2
Ice Magic      | 1 |  1.2
Air Magic      | 1 |  1.2
Earth Magic    | 1 |  1.2
Poison Magic   | 1 |  1.2
Dodging        | |  4.8
Stealth        | |  4.4
Spellcasting   | |  7.3

Action                   |  1- 3 |  4- 6 || total
-------------------------+-------+-------++-------
Melee: Unarmed           |     7 |       ||     7
       Bite              |     1 |       ||     1
       Club              |    10 |     5 ||    15
 Cast: Magic Dart        |    82 |   114 ||   196
       Conjure Flame     |     1 |     1 ||     2
       Blink             |       |     2 ||     2
  Use: Scroll            |     2 |     5 ||     7
  Eat: Chunk             |     2 |     5 ||     7
Armor: Robe              |     3 |     3 ||     6
Dodge: Dodged            |    43 |    30 ||    73
